 Dungeon Crawl Stone Soup version 0.17-a0-1230-g8afc29e (webtiles) character file.

90 Chiseanne the Grave Robber (level 4, 0/30 HPs)
             Began as a Mummy Necromancer on June 4, 2015.
             Killed from afar by a white imp (5 damage)
             ... with a puff of frost
             ... summoned by Natasha
             ... on level 2 of the Dungeon.
             The game lasted 00:04:48 (2195 turns).

Chiseanne the Grave Robber (Mummy Necromancer)      Turns: 2195, Time: 00:04:48

Health: 0/30       AC:  2    Str: 11    XL:     4   Next: 32%
Magic:  3/8        EV: 12    Int: 15    God:
Gold:   89         SH:  0    Dex: 12    Spells: 3 memorised, 4 levels left

rFire  x . .     SeeInvis .     c - +0 short sword
rCold  + . .     Clarity  .     a - +0 robe
rNeg   + + +     SustAt   .     (no shield)
rPois  ∞         Gourm    .     (no helmet)
rElec  .         Spirit   .     (no cloak)
rCorr  .         Warding  .     (no gloves)
rMut   .         Stasis   .     (no boots)
MR     .....                    (no amulet)
Stlth  ++........               (no ring)
                                (no ring)

@: not resistant to hostile enchantments, unstealthy
A: no food or potions, fire vulnerability, cold resistance 1, negative energy
resistance 3, torment resistance, unbreathing
a: no special abilities


You were on level 2 of the Dungeon.
You were not hungry.

You visited 1 branch of the dungeon, and saw 2 of its levels.

You collected 89 gold pieces.

Inventory:

Hand weapons
 c - a +0 short sword (weapon)
Missiles
 d - 13 bolts of flame
 e - 2 needles of confusion
 f - 21 arrows
 i - 28 bolts
Armour
 a - a +0 robe (worn)
Scrolls
 g - 2 scrolls of remove curse
 h - a scroll of magic mapping
 j - a scroll of identify
Books
 b - a book of Necromancy

   Spells                             Type                      Level
   a - Pain                           Necromancy                   1
   b - Animate Skeleton               Necromancy                   1
   c - Vampiric Draining              Necromancy                   3
   d - Regeneration                   Charms/Necromancy            3
   e - Animate Dead                   Necromancy                   4
   f - Control Undead                 Necromancy                   4


   Skills:
 - Level 1.5 Dodging
 - Level 1.5 Stealth
 * Level 3.2 Spellcasting
 * Level 5.0 Necromancy


You had 4 spell levels left.
You knew the following spells:

 Your Spells              Type           Power        Failure   Level  Hunger
a - Pain                  Necr           ###.         2%          1    N/A
b - Animate Skeleton      Necr           N/A          2%          1    N/A
c - Vampiric Draining     Necr           ###.......   10%         3    N/A

Dungeon Overview and Level Annotations

Branches:
Dungeon (2/15)

Altars:

Annotations:
D:2 Natasha


Innate Abilities, Weirdness & Mutations

You do not eat or drink.
Your flesh is vulnerable to fire.
You are immune to poison.
Your flesh is cold resistant.
You are immune to negative energy.
You are immune to unholy pain and torment.
You can survive without breathing.


Message History

The white imp freezes your rat skeleton.
Your rat skeleton resists.
Your hobgoblin skeleton completely misses Natasha.
Your giant gecko skeleton bites the iron imp but does no damage.
Natasha claws your hobgoblin skeleton.
Your rat skeleton bites the iron imp but does no damage.
Your giant gecko skeleton bites the white imp but does no damage.
A hobgoblin comes into view.
There is a fountain of clear blue water here.
Natasha claws your hobgoblin skeleton.
Your hobgoblin skeleton is destroyed!
The white imp barely misses your giant gecko skeleton.
Your rat skeleton bites the iron imp but does no damage.
Your giant gecko skeleton bites the white imp but does no damage.
Natasha claws you!
* * * LOW HITPOINT WARNING * * *
Your giant newt skeleton bites the white imp but does no damage.
The white imp gestures at you. The puff of frost hits you! You resist.
You die...

..........#
#...
#....#.##.#####
#...
#.##.#........#
#... #.
#.##.####.....
#... #...%####
.... #...
#...%...## ...
#..)
#.....⌠..## ..
#...
#....Z....# .
####
#...⌠Z5@..#
#....Z5h..#
#...⌠.....# #
#......g..# #
#.....⌠..## #
####....## #
#...#' # .... .
# #


You could see an iron imp, Natasha, a white imp, a hobgoblin, a friendly giant
newt skeleton, a friendly giant gecko skeleton and a friendly rat skeleton.

Vanquished Creatures
  Natasha (twice) (D:2)
  An adder (D:2)
  2 giant geckos
  7 bats
  A giant cockroach (D:1)
  4 goblins
  8 hobgoblins
  A jackal (D:1)
  7 kobolds
  2 giant newts
  4 rats
39 creatures vanquished.

Vanquished Creatures (collateral kills)
  2 ball pythons (D:1)
  3 jackals (D:1)
  A giant newt (D:1)
  2 goblins
  A kobold (D:1)
  A rat (D:1)
10 creatures vanquished.

Grand Total: 49 creatures vanquished

Notes
Turn   | Place    | Note
--------------------------------------------------------------
     0 | D:1      | Chiseanne the Mummy Necromancer began the quest for the Orb.
     0 | D:1      | Reached XP level 1. HP: 13/13 MP: 3/3
    30 | D:1      | Learned a level 1 spell: Animate Skeleton
   267 | D:1      | Reached XP level 2. HP: 19/19 MP: 1/5
  1227 | D:1      | Reached XP level 3. HP: 24/24 MP: 4/7
  1830 | D:2      | Noticed Natasha
  1841 | D:2      | Killed Natasha
  1846 | D:2      | Learned a level 3 spell: Vampiric Draining
  2023 | D:2      | Your ally Natasha died
  2082 | D:2      | Reached XP level 4. HP: 26/30 MP: 8/8
  2153 | D:2      | Noticed Natasha
  2158 | D:2      | Reached skill level 5 in Necromancy
  2162 | D:2      | Killed Natasha
  2189 | D:2      | Noticed Natasha
  2195 | D:2      | Killed from afar by a white imp

Vault maps used:
D:1:      lightli_arrival_statue_moat, minmay_cupped
D:2:      grunt_ministairs_9, uniq_natasha

Action                   |  1- 3 |  4- 6 || total
-------------------------+-------+-------++-------
Melee: Short sword       |    41 |     1 ||    42
 Cast: Pain              |    54 |     8 ||    62
       Animate Skeleton  |    27 |     5 ||    32
       Vampiric Draining |       |     1 ||     1
  Use: Scroll            |     6 |       ||     6
 Stab: Sleeping          |     2 |       ||     2
